 Dungeon Crawl Stone Soup version 0.30-a0-219-gf2db51d15e (webtiles) character file.

Game seed: 10655002561637110793

28668 sleeves the Covert (level 13, -1/103 HPs)
             Began as a Gnoll Brigand on Oct 8, 2022.
             Was a High Priest of Wu Jian.
             Slain by a skeletal warrior
             ... wielding a +0 glaive
              (9 damage)
             ... on level 14 of the Dungeon.
             The game lasted 00:25:49 (13915 turns).

sleeves the Covert (Gnoll Brigand)                 Turns: 13915, Time: 00:25:50

Health: -1/103     AC: 15    Str: 27    XL:     13   Next: 40%
Magic:  25/25      EV: 15    Int: 14    God:    Wu Jian [*****.]
Gold:   845        SH: 11    Dex: 17    Spells: 23/29 levels left

rFire   + + .      SeeInvis .    K - +8 rapier of Georchi {spect, rPois rF+ Str+3 Dex+3}
rCold   . . .      Faith    .    J - +0 kite shield
rNeg    + . .      Spirit   .    x - +0 acid dragon scales
rPois   +          Reflect  .    U - +1 helmet
rElec   .          Harm     .    c - +0 cloak
rCorr   +          Rampage  .    D - +0 pair of gloves
Will    ++...                    V - +1 pair of boots of the Devil's Advocate {+Inv Will++ Str+4}
Stlth   +++++.....               v - amulet "Axkyo" {rF+ rN+ Regen+ Int+2}
HPRegen 1.17/turn                b - +6 ring of strength
MPRegen 0.19/turn                Q - ring of wizardry

@: no status effects
A: fangs 1, strong nose, distributed training
a: Renounce Religion, Evoke Invisibility, Wall Jump, Serpent's Lash, Heavenly
Storm


You were on level 14 of the Dungeon.
You worshipped Wu Jian.
Wu Jian was extremely pleased with you.
You visited 1 branch of the dungeon, and saw 14 of its levels.
You also visited: Bailey.

You collected 845 gold pieces.

Inventory:

Hand Weapons
 K - the +8 rapier of Georchi (weapon) {spect, rPois rF+ Str+3 Dex+3}
   (You found it on level 6 of the Dungeon)

   When its wielder attacks, the weapon's spirit leaps out and strikes again.
   The spirit shares a part of any damage it takes with its wielder.
   Str:       It affects your strength (+3).
   Dex:       It affects your dexterity (+3).
   rF:        It protects you from fire.
   rPois:     It protects you from poison.
 S - a +2 scimitar of flaming
   (You took it off an efreet on level 14 of the Dungeon)
Missiles
 e - a curare-tipped dart (quivered)
 l - 13 boomerangs
 E - 5 javelins
 Y - a throwing net
Armour
 c - a +0 cloak (worn)
 x - +0 acid dragon scales (worn)
   (You found it on level 8 of the Dungeon)
 D - a +0 pair of gloves (worn)
   (You found it on level 8 of the Dungeon)
 J - a +0 kite shield (worn)
   (You found it on level 6 of the Dungeon)
 P - a +0 buckler of fire resistance
   (You found it on level 8 of the Dungeon)
 U - a +1 helmet (worn)
   (You found it on level 9 of the Dungeon)
 V - the +1 pair of boots of the Devil's Advocate (worn) {+Inv Will++ Str+4}
   (You found it on level 14 of the Dungeon)

   Str:       It affects your strength (+4).
   +Inv:      It lets you turn invisible.
   Will:      It greatly increases your willpower.
Jewellery
 b - a +6 ring of strength (left hand)
   (You found it on level 3 of the Dungeon)
 v - the amulet "Axkyo" (around neck) {rF+ rN+ Regen+ Int+2}
   (You found it on level 14 of the Dungeon)

   [amulet of regeneration]

   Int:       It affects your intelligence (+2).
   rF:        It protects you from fire.
   rN:        It protects you from negative energy.
   Regen:     It increases your rate of health regeneration.
 Q - a ring of wizardry (right hand)
   (You found it on level 7 of the Dungeon)
Wands
 d - a wand of mindburst (3)
   (You found it on level 13 of the Dungeon)
 y - a wand of iceblast (6)
   (You found it on level 4 of the Dungeon)
 G - a wand of flame (46)
   (You found it on level 6 of the Dungeon)
 O - a wand of digging (3)
   (You found it on level 7 of the Dungeon)
 R - a wand of acid (5)
   (You found it on level 10 of the Dungeon)
 X - a wand of charming (6)
   (You found it on level 9 of the Dungeon)
Scrolls
 a - 4 scrolls of butterflies
 g - 6 scrolls of vulnerability
 k - 6 scrolls of amnesia
 m - 3 scrolls of summoning {unknown}
 n - 7 scrolls of blinking
 p - a scroll of torment
 r - 3 scrolls of brand weapon {unknown}
 t - 8 scrolls of teleportation
 A - a scroll of enchant armour
 C - 2 scrolls of poison {unknown}
 F - 6 scrolls of magic mapping
 H - a scroll of fear {unknown}
 M - 3 scrolls of enchant weapon {unknown}
 T - 2 scrolls of immolation {unknown}
Potions
 f - 7 potions of brilliance
 h - 11 potions of curing
 i - 2 potions of might {unknown}
 j - 3 potions of heal wounds {unknown}
 o - 3 potions of lignification {unknown}
 q - a potion of degeneration {unknown}
 s - 3 potions of mutation {unknown}
 w - 2 potions of resistance {unknown}
 z - 3 potions of flight {unknown}
 B - 3 potions of magic {unknown}
 I - 3 potions of attraction {unknown}
 L - a potion of experience {unknown}
 N - 2 potions of haste {unknown}
 W - 2 potions of ambrosia {unknown}
 Z - a potion of invisibility {unknown}
Miscellaneous
 u - a tin of tremorstones (1/2)
   (You found it on level 8 of the Dungeon)


   Skills:
 + Level 9.8 Fighting
 + Level 9.8 Short Blades
 + Level 8.5 Long Blades
 + Level 8.5 Axes
 + Level 8.5 Maces & Flails
 + Level 8.5 Polearms
 + Level 8.5 Staves
 + Level 8.5 Ranged Weapons
 + Level 9.8 Throwing
 + Level 8.5 Armour
 + Level 9.0 Dodging
 + Level 11.5 Stealth
 + Level 8.5 Shields
 + Level 8.5 Unarmed Combat
 + Level 8.5 Spellcasting
 + Level 7.1 Conjurations
 + Level 7.1 Hexes
 + Level 7.1 Summonings
 + Level 7.1 Necromancy
 + Level 7.1 Translocations
 + Level 7.1 Transmutations
 + Level 7.1 Fire Magic
 + Level 7.1 Ice Magic
 + Level 7.1 Air Magic
 + Level 7.1 Earth Magic
 + Level 7.1 Poison Magic
 + Level 9.3 Invocations
 + Level 8.5 Evocations


You had 23 spell levels left.
You knew the following spells:

 Your Spells              Type           Power      Damage    Failure   Level
a - Dispersal             Tloc           13%        N/A       71%         6

Your spell library contained the following spells:

 Spells                   Type           Power      Damage    Failure   Level
 Apportation              Tloc           52%        N/A       1%          1
 Necrotise                Necr           100%       1d9       1%          1
 Sandblast                Erth           52%        2d12      1%          1
 Sting                    Tmut/Pois      100%       1d8       1%          1
 Summon Small Mammal      Summ           100%       N/A       1%          1
 Passwall                 Tmut/Erth      21%        N/A       1%          2
 Poisonous Vapours        Pois/Air       52%        N/A       1%          2
 Call Canine Familiar     Summ           26%        N/A       2%          3
 Frozen Ramparts          Ice            52%        1d8       2%          3
 Gell's Gravitas          Tloc           26%        N/A       2%          3
 Ignite Poison            Fire/Tmut/Pois 26%        N/A       2%          3
 Stone Arrow              Conj/Erth      52%        3d10      2%          3
 Summon Guardian Golem    Hex/Summ       26%        N/A       2%          3
 Teleport Other           Tloc           26%        N/A       2%          3
 Vampiric Draining        Necr           26%        2d7       2%          3
 Animate Dead             Necr           26%        N/A       8%          4
 Ice Form                 Ice/Tmut       26%        N/A       8%          4
 Olgreb's Toxic Radiance  Pois           26%        N/A       8%          4
 Sticky Flame             Conj/Fire      26%        2d5       8%          4
 Summon Ice Beast         Ice/Summ       26%        N/A       8%          4
 Agony                    Necr           26%        N/A       21%         5
 Alistair's Intoxication  Tmut/Pois      17%        N/A       21%         5
 Blade Hands              Tmut           13%        N/A       21%         5
 Borgnjor's Vile Clutch   Necr/Erth      13%        N/A       21%         5
 Irradiate                Conj/Tmut      13%        3d16      21%         5
 Death Channel            Necr           13%        N/A       71%         6
 Dragon Form              Tmut           13%        N/A       99%         7
 Ignition                 Fire           13%        3d6       100%        8


Dungeon Overview and Level Annotations

Branches:
Dungeon (14/15)            Temple (0/1) D:4            Lair (0/5) D:10
    Orc (0/2) D:10         Bailey (visited)
 Vaults: D:13-14

Altars:
Ashenzari
Dithmenos
Hepliaklqana
Okawaru
Qazlal
Ru
Trog
Vehumet
Wu Jian
Xom
Yredelemnul
Zin

Shops:
D:10 =

Annotations:
D:4 Grinder


Innate Abilities, Weirdness & Mutations

You have very sharp teeth.
Your uncanny sense of smell can sniff out nearby items.
Your experience applies equally to all skills.


Message History

There is a stone staircase leading down here.
There is an open door here.
You open the door.
There is an open door here.
There is a shaft here.
Found an escape hatch in the ceiling.
A vampire mosquito comes into view.
A vampire mosquito is nearby!
A slime creature comes into view.
The slime creature quivers.
A slime creature comes into view. x2
A vampire mosquito comes into view.
Found a scroll labelled XYPEKUO SIL UPSIOM.
You lunge at the slime creature.
The slime creature quivers.
You hit the slime creature but do no damage.
Your +8 rapier of Georchi {spect, rPois rF+ Str+3 Dex+3} hits the slime creature!
You block the slime creature's attack.
You hit the slime creature. Your bite misses the slime creature.
The slime creature is moderately wounded.
Your +8 rapier of Georchi {spect, rPois rF+ Str+3 Dex+3} hits the slime creature!
The slime creature hits you but does no damage.
The vampire mosquito bites your +8 rapier of Georchi {spect, rPois rF+ Str+3 Dex+3}!
Your spectral weapon shares its damage with you!
The vampire mosquito misses your +8 rapier of Georchi {spect, rPois rF+ Str+3 Dex+3}.
You barely miss the slime creature.
The slime creature is moderately wounded.
Your +8 rapier of Georchi {spect, rPois rF+ Str+3 Dex+3} hits the slime creature!
The vampire mosquito barely misses your +8 rapier of Georchi {spect, rPois rF+ Str+3 Dex+3}.
The vampire mosquito misses your +8 rapier of Georchi {spect, rPois rF+ Str+3 Dex+3}.
The slime creature hits you!
The vampire mosquito closely misses your +8 rapier of Georchi {spect, rPois rF+ Str+3 Dex+3}.
You puncture the slime creature!
The slime creature is severely wounded.
Your +8 rapier of Georchi {spect, rPois rF+ Str+3 Dex+3} hits the slime creature.
The vampire mosquito bites your +8 rapier of Georchi {spect, rPois rF+ Str+3 Dex+3}.
Your spectral weapon shares its damage with you!
Two slime creatures merge to form a large slime creature.
You hit the large slime creature but do no damage.
The large slime creature is heavily wounded.
Your +8 rapier of Georchi {spect, rPois rF+ Str+3 Dex+3} hits the large slime creature!
You block the vampire mosquito's attack. x2
Two slime creatures merge to form a very large slime creature.
You block the vampire mosquito's attack.
You hit the very large slime creature. You bite the very large slime creature.
The very large slime creature is moderately wounded.
Your +8 rapier of Georchi {spect, rPois rF+ Str+3 Dex+3} hits the very large slime creature!
You block the vampire mosquito's attack. x3
You barely miss the very large slime creature.
The very large slime creature is heavily wounded.
Your +8 rapier of Georchi {spect, rPois rF+ Str+3 Dex+3} hits the very large slime creature!
You block the vampire mosquito's attack.
The vampire mosquito barely misses you. x3
You hit the very large slime creature.
The very large slime creature is heavily wounded.
Your +8 rapier of Georchi {spect, rPois rF+ Str+3 Dex+3} hits the very large slime creature!
You block the vampire mosquito's attack.
The vampire mosquito barely misses you.
You puncture the very large slime creature!
The very large slime creature is heavily wounded.
Your +8 rapier of Georchi {spect, rPois rF+ Str+3 Dex+3} hits the very large slime creature!
You block the vampire mosquito's attack.
The vampire mosquito bites you but does no damage.
The very large slime creature completely misses you.
The vampire mosquito bites you.
The vampire mosquito draws strength from your injuries!
The vampire mosquito barely misses you.
You puncture the very large slime creature!
You bite the very large slime creature.
The very large slime creature is severely wounded.
Your +8 rapier of Georchi {spect, rPois rF+ Str+3 Dex+3} hits the very large slime creature!
You block the vampire mosquito's attack. x2
A very large slime creature splits.
The vampire mosquito closely misses you.
The vampire mosquito barely misses you.
You hit the large slime creature.
The large slime creature is almost dead.
Your +8 rapier of Georchi {spect, rPois rF+ Str+3 Dex+3} hits the large slime creature!!
You block the vampire mosquito's attack. x2
The large slime creature closely misses your +8 rapier of Georchi {spect, rPois rF+ Str+3 Dex+3}.
The vampire mosquito bites you but does no damage.
You puncture the large slime creature!
You kill the large slime creature!
The Council accepts your kill. The vampire mosquito misses you.
You block the vampire mosquito's attack. x2
Your Long Blades skill increases to level 8!
Your Axes skill increases to level 8!
Your Maces & Flails skill increases to level 8!
Your Polearms skill increases to level 8!
Your Staves skill increases to level 8!
Your Ranged Weapons skill increases to level 8!
Your Armour skill increases to level 8!
Your Shields skill increases to level 8!
Your Unarmed Combat skill increases to level 8!
Your Spellcasting skill increases to level 8!
Your Evocations skill increases to level 8!
You impale the slime creature!!
You kill the slime creature!
The Council accepts your kill.
You block the vampire mosquito's attack.
The vampire mosquito barely misses you.
You block the vampire mosquito's attack. x2
You puncture the vampire mosquito!
The vampire mosquito is moderately damaged.
Your +8 rapier of Georchi {spect, rPois rF+ Str+3 Dex+3} hits the vampire mosquito!
The vampire mosquito bites your +8 rapier of Georchi {spect, rPois rF+ Str+3 Dex+3}.
The vampire mosquito bites you but does no damage.
The vampire mosquito bites your +8 rapier of Georchi {spect, rPois rF+ Str+3 Dex+3} but does no damage.
You puncture the vampire mosquito!
The vampire mosquito is almost destroyed.
Your +8 rapier of Georchi {spect, rPois rF+ Str+3 Dex+3} misses the vampire mosquito.
You block the vampire mosquito's attack.
The vampire mosquito bites you but does no damage.
The vampire mosquito completely misses you.
You hit the vampire mosquito.
You destroy the vampire mosquito!
The Council accepts your kill.
You block the vampire mosquito's attack.
The vampire mosquito misses you.
You hit the vampire mosquito but do no damage.
Your +8 rapier of Georchi {spect, rPois rF+ Str+3 Dex+3} hits the vampire mosquito!
The vampire mosquito bites you.
The vampire mosquito draws strength from your injuries!
You puncture the vampire mosquito! Your bite misses the vampire mosquito.
The vampire mosquito is almost destroyed.
Your +8 rapier of Georchi {spect, rPois rF+ Str+3 Dex+3} hits the vampire mosquito.
The vampire mosquito bites you.
The vampire mosquito draws strength from your injuries!
You block the vampire mosquito's attack.
You puncture the vampire mosquito!
You destroy the vampire mosquito!
The Council accepts your kill.
No target in view!
No target in view!
M - 3 scrolls labelled XYPEKUO SIL UPSIOM (gained 1)
You open the door.
There is an open door here.
Done exploring.
Done exploring.
Done exploring.
Done exploring.
No target in view!
Done exploring.
Done exploring.
(D) Dungeon (T) Temple (L) Lair (O) Orcish Mines
Where to? (Enter - D:12, ? - help)
There is an open door here.
There is an open door here.
There is a stone staircase leading down here.
You climb downwards.
Found a scroll of amnesia.
Found a stone staircase leading down.
There is a stone staircase leading up here.
Unknown command.
A brown ugly thing comes into view.
A brown ugly thing is nearby!
A brown ugly thing is nearby!
A skeletal warrior comes into view.
It is wielding a +0 battleaxe. 2 skeletal warriors come into view.
You lunge at the skeletal warrior, in a flurry of attacks.
You puncture the skeletal warrior!
You bite the skeletal warrior, but do no damage.
The skeletal warrior is lightly damaged.
You hit the skeletal warrior but do no damage.
The skeletal warrior is lightly damaged.
Your +8 rapier of Georchi {spect, rPois rF+ Str+3 Dex+3} hits the skeletal warrior but does no damage.
The brown ugly thing gurgles horribly!
The skeletal warrior closely misses you.
The skeletal warrior hits your +8 rapier of Georchi {spect, rPois rF+ Str+3 Dex+3} with a +0 battleaxe!
Your spectral weapon shares its damage with you!
The skeletal warrior barely misses you.
There is a stone staircase leading down here.
The brown ugly thing attacks as you move away!
The brown ugly thing closely misses you.
There is a stone staircase leading up here.
The brown ugly thing engulfs you!
You are splashed with acid.
You resist.
You climb upwards.
There is a stone staircase leading down here.
You puncture the brown ugly thing!
You bite the brown ugly thing, but do no damage.
The brown ugly thing is lightly wounded.
Your +8 rapier of Georchi {spect, rPois rF+ Str+3 Dex+3} hits the brown ugly thing!!
You block the brown ugly thing's attack.
You puncture the brown ugly thing!
The brown ugly thing is heavily wounded.
Your +8 rapier of Georchi {spect, rPois rF+ Str+3 Dex+3} hits the brown ugly thing!
The brown ugly thing engulfs you!
You are splashed with acid.
You resist.
You completely miss the brown ugly thing.
You bite the brown ugly thing, but do no damage.
The brown ugly thing is almost dead.
Your +8 rapier of Georchi {spect, rPois rF+ Str+3 Dex+3} hits the brown ugly thing!
You block the brown ugly thing's attack.
You puncture the brown ugly thing!
You kill the brown ugly thing!
The Council accepts your kill.
You start resting.
HP restored.
Unknown command.
There is an open door here.
There is an open door here.
There is an open door, spattered with blood here.
There is an open door here.
There is an open door here.
There is an open door here.
There is an open door here.
There is a stone staircase leading down here.
You climb downwards.
There is a stone staircase leading up here.
A queen bee comes into view.
A queen bee is nearby!
A queen bee is nearby!
The queen bee buzzes angrily.
You lunge at the queen bee, in a flurry of attacks.
You closely miss the queen bee. You hit the queen bee but do no damage.
Your +8 rapier of Georchi {spect, rPois rF+ Str+3 Dex+3} hits the queen bee.
The queen bee closely misses you.
You hit the queen bee but do no damage.
The queen bee is lightly wounded.
Your +8 rapier of Georchi {spect, rPois rF+ Str+3 Dex+3} hits the queen bee!
You block the queen bee's attack.
You closely miss the queen bee.
The queen bee is moderately wounded.
Your +8 rapier of Georchi {spect, rPois rF+ Str+3 Dex+3} misses the queen bee.
The queen bee stings you but does no damage.
You barely miss the queen bee.
The queen bee is moderately wounded.
Your +8 rapier of Georchi {spect, rPois rF+ Str+3 Dex+3} closely misses the queen bee.
You block the queen bee's attack.
You puncture the queen bee!
The queen bee is heavily wounded.
Your +8 rapier of Georchi {spect, rPois rF+ Str+3 Dex+3} hits the queen bee.
You block the queen bee's attack.
You hit the queen bee.
You bite the queen bee, but do no damage.
The queen bee is severely wounded.
Your +8 rapier of Georchi {spect, rPois rF+ Str+3 Dex+3} hits the queen bee but does no damage.
The queen bee closely misses your +8 rapier of Georchi {spect, rPois rF+ Str+3 Dex+3}.
You hit the queen bee.
You bite the queen bee, but do no damage.
The queen bee is severely wounded.
Your +8 rapier of Georchi {spect, rPois rF+ Str+3 Dex+3} barely misses the queen bee.
You barely miss the queen bee.
You bite the queen bee, but do no damage.
The queen bee is severely wounded.
Your +8 rapier of Georchi {spect, rPois rF+ Str+3 Dex+3} hits the queen bee.
Your +8 rapier of Georchi {spect, rPois rF+ Str+3 Dex+3} fades away.
You block the queen bee's attack.
You closely miss the queen bee.
The queen bee is almost dead.
Your +8 rapier of Georchi {spect, rPois rF+ Str+3 Dex+3} hits the queen bee.
The queen bee stings your +8 rapier of Georchi {spect, rPois rF+ Str+3 Dex+3}!!
Your spectral weapon shares its damage with you!
You catch the helpless queen bee completely off-guard!
You impale the queen bee!!
You kill the queen bee!
The Council accepts your kill.
The queen bee's shape twists and changes as it dies.
No target in view!
HP restored.
Found a stone staircase leading up.
Found a chain mail.
A cyan ugly thing comes into view.
A cyan ugly thing is nearby!
The cyan ugly thing gurgles horribly!
Found a club.
You see here a fizzy orange potion.
You puncture the cyan ugly thing!
The cyan ugly thing is lightly wounded.
Your +8 rapier of Georchi {spect, rPois rF+ Str+3 Dex+3} closely misses the cyan ugly thing.
The cyan ugly thing trunk-slaps you. The cyan ugly thing shocks you!
You hit the cyan ugly thing.
The cyan ugly thing is moderately wounded.
Your +8 rapier of Georchi {spect, rPois rF+ Str+3 Dex+3} barely misses the cyan ugly thing.
The cyan ugly thing trunk-slaps you. The cyan ugly thing shocks you!
You are too injured to fight recklessly!
You are too injured to fight recklessly!
You are too injured to fight recklessly!
You hit the cyan ugly thing.
The cyan ugly thing is moderately wounded.
Your +8 rapier of Georchi {spect, rPois rF+ Str+3 Dex+3} hits the cyan ugly thing!
The cyan ugly thing trunk-slaps you. The cyan ugly thing shocks you!
* * * LOW HITPOINT WARNING * * *
Aiming: Charm
Press: ? - help, Shift-Dir - straight line, f - cyan ugly thing
Aim: a cyan ugly thing (moderately wounded, chance to affect: 50%)
The cyan ugly thing resists with some effort.
You block the cyan ugly thing's attack.
Aiming: Charm
Press: ? - help, Shift-Dir - straight line, f/p - cyan ugly thing
Aim: a cyan ugly thing (moderately wounded, chance to affect: 50%)
The cyan ugly thing resists with some effort.
You block the cyan ugly thing's attack.
Aiming: Charm
Press: ? - help, Shift-Dir - straight line, f/p - cyan ugly thing
Aim: a cyan ugly thing (purple smoke, moderately wounded, chance to affect: 50%)
The cyan ugly thing resists with some effort.
The cyan ugly thing trunk-slaps you but does no damage.
Throw: 2 darts (curare)
Press: ? - help, Q - select action, (/) - cycle Shift-Dir - straight line, f/p - cyan ugly thing
Aim: a cyan ugly thing (moderately wounded, 68% to hit)
You throw a curare-tipped dart.
The curare-tipped dart hits the cyan ugly thing.
The cyan ugly thing is poisoned.
The cyan ugly thing convulses.
The cyan ugly thing seems to slow down.
The cyan ugly thing is heavily wounded.
You puncture the cyan ugly thing!
The cyan ugly thing is severely wounded.
Your +8 rapier of Georchi {spect, rPois rF+ Str+3 Dex+3} hits the cyan ugly thing!
The cyan ugly thing trunk-slaps your +8 rapier of Georchi {spect, rPois rF+ Str+3 Dex+3}.
Your spectral weapon shares its damage with you!
The cyan ugly thing shocks your +8 rapier of Georchi {spect, rPois rF+ Str+3 Dex+3}.
Your +8 rapier of Georchi {spect, rPois rF+ Str+3 Dex+3} resists.
Your spectral weapon shares its damage with you!
* * * LOW HITPOINT WARNING * * *
You barely miss the cyan ugly thing.
The cyan ugly thing is severely wounded.
Your +8 rapier of Georchi {spect, rPois rF+ Str+3 Dex+3} hits the cyan ugly thing!
You hit the cyan ugly thing.
You kill the cyan ugly thing!
The Council accepts your kill.
You can now summon a storm of heavenly clouds to empower your attacks.
You have reached level 13!
j - 3 fizzy orange potions (gained 1)
Found a stone staircase leading down.
You see here an ugly thing corpse.
A skeletal warrior is nearby!
A skeletal warrior is nearby!
A skeletal warrior is nearby!
A skeletal warrior is nearby!
You are too injured to fight recklessly!
A skeletal warrior is nearby!
You start resting.
A skeletal warrior is nearby!
You start resting.
A skeletal warrior is nearby!
There is a stone staircase leading up here.
You climb upwards.
There is a stone staircase leading down here.
You start resting.
HP restored.
You climb downwards.
The skeletal warrior hits you but does no damage.
There is a stone staircase leading up here.
You puncture the skeletal warrior!
The skeletal warrior is lightly damaged.
Your +8 rapier of Georchi {spect, rPois rF+ Str+3 Dex+3} hits the skeletal warrior!
You block the skeletal warrior's attack.
You puncture the skeletal warrior! Your bite misses the skeletal warrior.
The skeletal warrior is heavily damaged.
Your +8 rapier of Georchi {spect, rPois rF+ Str+3 Dex+3} completely misses the skeletal warrior.
The skeletal warrior hits you with a +0 long sword!
You hit the skeletal warrior.
You bite the skeletal warrior, but do no damage.
The skeletal warrior is severely damaged.
Your +8 rapier of Georchi {spect, rPois rF+ Str+3 Dex+3} hits the skeletal warrior.
You block the skeletal warrior's attack.
You hit the skeletal warrior.
The skeletal warrior is severely damaged.
Your +8 rapier of Georchi {spect, rPois rF+ Str+3 Dex+3} hits the skeletal warrior but does no damage.
The skeletal warrior completely misses your +8 rapier of Georchi {spect, rPois rF+ Str+3 Dex+3}.
You catch the helpless skeletal warrior completely off-guard!
You impale the skeletal warrior!!
You destroy the skeletal warrior!
The Council accepts your kill.
No target in view!
HP restored.
You see here a +0 long sword.
As you open the door, it creaks loudly!
There is an open door here.
An electric eel comes into view.
An electric eel is nearby!
No reachable target in view!
No reachable target in view!
The helpless electric eel fails to defend itself.
You skewer the electric eel like a kebab!!!!
You kill the electric eel!
The Council accepts your kill.
You enter the shallow water.
Moving in this stuff is going to be slow.
You now have 696 gold pieces (gained 18).
You open the door.
Found 4 large rocks.
Found 4 stones and a dagger.
There is an open door here.
You see here 4 large rocks.
T - 2 scrolls labelled XOURUE HEUR (gained 1)
You now have 707 gold pieces (gained 11).
You now have 721 gold pieces (gained 14).
An acid dragon comes into view.
Found a scroll of vulnerability.
A boulder beetle comes into view.
You lunge at the acid dragon.
The helpless acid dragon fails to defend itself.
You stick the acid dragon like a pincushion!!!!
You kill the acid dragon!
The Council accepts your kill.
Your Invocations skill increases to level 9!
You see here a scroll of vulnerability.
You lunge at the boulder beetle, in a flurry of attacks.
The helpless boulder beetle fails to defend itself.
You spit the boulder beetle like a pig!!!!
You kill the boulder beetle!
The Council accepts your kill.
g - 6 scrolls of vulnerability (gained 1)
k - 6 scrolls of amnesia (gained 1)
Found a sacrificial altar of Ru.
Your pack is full.
You see here a wand of mindburst (3).
Your pack is full.
You see here a wand of mindburst (3).
Could not pick up a wand of mindburst (3) here; ([A]lways) ignore it?
Okay, then.
You drop 27 poisoned darts.
d - a wand of mindburst (3)
You see here 27 poisoned darts.
You see here a +0 long sword.
A skeletal warrior is nearby!
A skeletal warrior is nearby!
You lunge at the skeletal warrior.
You puncture the skeletal warrior!
The skeletal warrior is lightly damaged.
Your +8 rapier of Georchi {spect, rPois rF+ Str+3 Dex+3} hits the skeletal warrior but does no damage.
You block the skeletal warrior's attack.
You hit the skeletal warrior but do no damage.
The skeletal warrior is lightly damaged.
Your +8 rapier of Georchi {spect, rPois rF+ Str+3 Dex+3} hits the skeletal warrior!
You block the skeletal warrior's attack.
You hit the skeletal warrior but do no damage.
The skeletal warrior is moderately damaged.
Your +8 rapier of Georchi {spect, rPois rF+ Str+3 Dex+3} hits the skeletal warrior.
You block the skeletal warrior's attack.
You puncture the skeletal warrior!
You bite the skeletal warrior, but do no damage.
The skeletal warrior is heavily damaged.
Your +8 rapier of Georchi {spect, rPois rF+ Str+3 Dex+3} hits the skeletal warrior!
You barely miss the skeletal warrior.
The skeletal warrior is severely damaged.
Your +8 rapier of Georchi {spect, rPois rF+ Str+3 Dex+3} closely misses the skeletal warrior.
You block the skeletal warrior's attack.
You barely miss the skeletal warrior.
You bite the skeletal warrior, but do no damage.
The skeletal warrior is severely damaged.
Your +8 rapier of Georchi {spect, rPois rF+ Str+3 Dex+3} hits the skeletal warrior!
The skeletal warrior hits you with a +0 trident!
You hit the skeletal warrior but do no damage.
The skeletal warrior is severely damaged.
Your +8 rapier of Georchi {spect, rPois rF+ Str+3 Dex+3} hits the skeletal warrior!
The skeletal warrior hits you with a +0 battleaxe!!
The skeletal warrior hits your +8 rapier of Georchi {spect, rPois rF+ Str+3 Dex+3} with a +0 battleaxe!
Your spectral weapon shares its damage with you!
The skeletal warrior barely misses you.
You are too injured to fight recklessly!
You spin and attack the skeletal warrior repeatedly.
You hit the skeletal warrior.
The skeletal warrior is almost destroyed.
You hit the skeletal warrior but do no damage.
Your bite misses the skeletal warrior.
The skeletal warrior is almost destroyed.
You spin and attack the skeletal warrior.
You hit the skeletal warrior.
The skeletal warrior is lightly damaged.
Your +8 rapier of Georchi {spect, rPois rF+ Str+3 Dex+3} hits the skeletal warrior!
You destroy the skeletal warrior!
The Council accepts your kill.
You block the skeletal warrior's attack.
The skeletal warrior barely misses your +8 rapier of Georchi {spect, rPois rF+ Str+3 Dex+3}.
You hit the skeletal warrior.
You bite the skeletal warrior, but do no damage.
The skeletal warrior is lightly damaged.
Your +8 rapier of Georchi {spect, rPois rF+ Str+3 Dex+3} hits the skeletal warrior!
The skeletal warrior barely misses you.
The skeletal warrior misses your +8 rapier of Georchi {spect, rPois rF+ Str+3 Dex+3}.
You hit the skeletal warrior but do no damage.
The skeletal warrior is moderately damaged.
Your +8 rapier of Georchi {spect, rPois rF+ Str+3 Dex+3} hits the skeletal warrior.
The skeletal warrior hits you with a +0 battleaxe.
The skeletal warrior hits your +8 rapier of Georchi {spect, rPois rF+ Str+3 Dex+3} with a +0 battleaxe!
Your spectral weapon shares its damage with you!
Your +8 rapier of Georchi {spect, rPois rF+ Str+3 Dex+3} fades away.
Aiming: Mindburst
Press: ? - help, Shift-Dir - straight line, f - skeletal warrior
Aim: a skeletal warrior, wielding a +0 battleaxe and wearing a +0 robe (moderately damaged, chance to affect: 26%)
Okay, then.
Okay, then.
Okay, then.
Okay, then.
Aiming: Mindburst
Press: ? - help, Shift-Dir - straight line, f - skeletal warrior
Aim: a skeletal warrior, wielding a +0 battleaxe and wearing a +0 robe (moderately damaged, chance to affect: 26%)
Okay, then.
The tremorstone explodes into fragments!
The burst of rock shards engulfs the skeletal warrior but does no damage. x2
The burst of rock shards engulfs you!!
* * * LOW HITPOINT WARNING * * *
The burst of rock shards engulfs the skeletal warrior but does no damage.
The burst of rock shards engulfs you.
* * * LOW HITPOINT WARNING * * *
The skeletal warrior hits you but does no damage.
As you read the scroll of teleportation, it crumbles to dust.
You feel strangely unstable.
The skeletal warrior closely misses you.
You hit the skeletal warrior but do no damage.
The skeletal warrior is moderately damaged.
Your +8 rapier of Georchi {spect, rPois rF+ Str+3 Dex+3} hits the skeletal warrior!
You barely miss the skeletal warrior.
The skeletal warrior is heavily damaged.
Your +8 rapier of Georchi {spect, rPois rF+ Str+3 Dex+3} hits the skeletal warrior.
The skeletal warrior hits your +8 rapier of Georchi {spect, rPois rF+ Str+3 Dex+3} with a +0 battleaxe!!
Your spectral weapon shares its damage with you!
You block the skeletal warrior's attack.
* * * LOW HITPOINT WARNING * * *
You catch the helpless skeletal warrior completely off-guard!
You impale the skeletal warrior!!
The skeletal warrior is almost destroyed.
Your +8 rapier of Georchi {spect, rPois rF+ Str+3 Dex+3} barely misses the skeletal warrior.
You block the skeletal warrior's attack.
The skeletal warrior misses your +8 rapier of Georchi {spect, rPois rF+ Str+3 Dex+3}.
You hit the skeletal warrior.
You destroy the skeletal warrior!
The Council accepts your kill.
Your surroundings suddenly seem different.
You start resting.
HP restored.
You start waiting.
Done waiting.
There is a stone staircase leading down here.
Found a stone staircase leading down.
Done exploring.
Done exploring.
Done exploring.
(D) Dungeon (T) Temple (L) Lair (O) Orcish Mines
Where to? (Enter - D:12 @ (x,y), ? - help)
There is a stone staircase leading down here.
You climb downwards.
Found 5 stones.
There is a stone staircase leading up here.
Unknown command.
A centaur warrior comes into view.
The centaur warrior shouts!
The centaur warrior wields a +0 longbow.
The centaur warrior shoots an arrow.
The arrow hits you!
A centaur warrior is nearby!
A centaur warrior is nearby!
The centaur warrior shoots an arrow.
You block the arrow.
The centaur warrior shoots an arrow.
The arrow hits you!
The centaur warrior unwields a +0 longbow.
The centaur warrior hits you.
The centaur warrior kicks you but does no damage.
You hit the centaur warrior.
The centaur warrior is lightly wounded.
The centaur warrior hits you but does no damage.
The centaur warrior kicks you but does no damage.
The centaur warrior completely misses you.
The centaur warrior kicks you.
You completely miss the centaur warrior.
The centaur warrior is lightly wounded.
The centaur warrior hits you. You block the centaur warrior's attack.
You hit the centaur warrior.
The centaur warrior is lightly wounded.
You block the centaur warrior's attack. The centaur warrior closely misses you.
You hit the centaur warrior.
The centaur warrior is lightly wounded.
The centaur warrior misses you. You block the centaur warrior's attack.
You puncture the centaur warrior!
You bite the centaur warrior, but do no damage.
The centaur warrior is moderately wounded.
You block the centaur warrior's attack.
The centaur warrior kicks you but does no damage.
You puncture the centaur warrior!
The centaur warrior is heavily wounded.
The centaur warrior hits you. You block the centaur warrior's attack.
The centaur warrior hits you.
The centaur warrior kicks you but does no damage.
You hit the centaur warrior.
The centaur warrior is heavily wounded.
The centaur warrior hits you! You block the centaur warrior's attack.
You puncture the centaur warrior! You bite the centaur warrior.
The centaur warrior is severely wounded.
You block the centaur warrior's attack.
The centaur warrior kicks you but does no damage.
You barely miss the centaur warrior.
The centaur warrior is severely wounded.
The centaur warrior hits you!
The centaur warrior kicks you but does no damage.
The centaur warrior misses you. You block the centaur warrior's attack.
You puncture the centaur warrior!
The centaur warrior is almost dead.
The centaur warrior barely misses you. The centaur warrior closely misses you.
You puncture the centaur warrior!
You kill the centaur warrior!
The Council accepts your kill.
HP restored.
You see here a +0 longbow.
You now have 730 gold pieces (gained 9).
n - 7 scrolls of blinking (gained 1)
You now have 754 gold pieces (gained 24).
An eight-headed hydra comes into view.
The eight-headed hydra roars!
You puncture the eight-headed hydra!
The eight-headed hydra is moderately wounded.
Your +8 rapier of Georchi {spect, rPois rF+ Str+3 Dex+3} hits the eight-headed hydra.
You block the eight-headed hydra's attack.
The eight-headed hydra closely misses you.
You block the eight-headed hydra's attack. x2
The eight-headed hydra barely misses you.
The eight-headed hydra misses you. x2; The eight-headed hydra bites you!
You puncture the eight-headed hydra!
Your bite misses the eight-headed hydra.
The eight-headed hydra is severely wounded.
Your +8 rapier of Georchi {spect, rPois rF+ Str+3 Dex+3} barely misses the eight-headed hydra.
You puncture the eight-headed hydra!
The eight-headed hydra is severely wounded.
Your +8 rapier of Georchi {spect, rPois rF+ Str+3 Dex+3} hits the eight-headed hydra!
The eight-headed hydra completely misses your +8 rapier of Georchi {spect, rPois rF+ Str+3 Dex+3}.
The eight-headed hydra bites your +8 rapier of Georchi {spect, rPois rF+ Str+3 Dex+3}!
Your spectral weapon shares its damage with you!
The eight-headed hydra bites your +8 rapier of Georchi {spect, rPois rF+ Str+3 Dex+3} but does no damage.
The eight-headed hydra bites your +8 rapier of Georchi {spect, rPois rF+ Str+3 Dex+3}!
Your spectral weapon shares its damage with you!
Your +8 rapier of Georchi {spect, rPois rF+ Str+3 Dex+3} fades away.
The eight-headed hydra bites you!
You block the eight-headed hydra's attack.
The eight-headed hydra bites you but does no damage. x2
You puncture the eight-headed hydra!
You kill the eight-headed hydra!
The Council accepts your kill.
Your Conjurations skill increases to level 7!
Your Hexes skill increases to level 7!
Your Summonings skill increases to level 7!
Your Necromancy skill increases to level 7!
Your Translocations skill increases to level 7!
Your Transmutations skill increases to level 7!
Your Fire Magic skill increases to level 7!
Your Ice Magic skill increases to level 7!
Your Air Magic skill increases to level 7!
Your Earth Magic skill increases to level 7!
Your Poison Magic skill increases to level 7!
A raiju comes into view.
A raiju is nearby!
A raiju is nearby!
Found 6 stones.
You lunge at the raiju.
The helpless raiju fails to defend itself.
You skewer the raiju like a kebab!!!!
You kill the raiju!
The Council accepts your kill.
You see here 6 stones.
Your pack is full.
You see here the amulet "Axkyo" {rF+ rN+ Regen+ Int+2}.
Your pack is full.
You see here the amulet "Axkyo" {rF+ rN+ Regen+ Int+2}.
Could not pick up the amulet "Axkyo" {rF+ rN+ Regen+ Int+2} here; ([A]lways) ignore it? [Y]es, [N]o, or [A]lways only, please.
Could not pick up the amulet "Axkyo" {rF+ rN+ Regen+ Int+2} here; ([A]lways) ignore it?
Okay, then.
You start removing your amulet.
You continue taking off your amulet of magic regeneration. x4
You finish taking off your amulet of magic regeneration.
You drop an amulet of magic regeneration.
v - the amulet "Axkyo" {rF+ rN+ Regen+ Int+2} You start putting on your amulet.
You continue putting on the amulet "Axkyo" {rF+ rN+ Regen+ Int+2}. x5
You finish putting on the amulet "Axkyo" {rF+ rN+ Regen+ Int+2}.
The amulet "Axkyo" throbs as it attunes itself to your uninjured body.
You feel clever.
v - the amulet "Axkyo" (around neck) {rF+ rN+ Regen+ Int+2}
Okay, then.
You now have 774 gold pieces (gained 20).
You now have 791 gold pieces (gained 17).
An efreet comes into view.
It is wielding a +2 scimitar of flaming.
An efreet is nearby!
An efreet is nearby!
The efreet gestures at you. The bolt of fire misses you.
The efreet gestures at you.
The fireball explodes!
The fireball engulfs you. You resist.
Found a pair of smoking boots.
You lunge at the efreet.
You hit the efreet but do no damage. You bite the efreet, but do no damage.
Your +8 rapier of Georchi {spect, rPois rF+ Str+3 Dex+3} barely misses the efreet.
You block the efreet's attack.
You hit the efreet but do no damage.
Your +8 rapier of Georchi {spect, rPois rF+ Str+3 Dex+3} hits the efreet but does no damage.
The efreet misses you.
You hit the efreet.
The efreet is lightly wounded.
Your +8 rapier of Georchi {spect, rPois rF+ Str+3 Dex+3} hits the efreet!
You block the efreet's attack.
You hit the efreet but do no damage.
The efreet is heavily wounded.
Your +8 rapier of Georchi {spect, rPois rF+ Str+3 Dex+3} hits the efreet!
You block the efreet's attack.
You puncture the efreet! You bite the efreet, but do no damage.
The efreet is almost dead.
Your +8 rapier of Georchi {spect, rPois rF+ Str+3 Dex+3} barely misses the efreet.
The efreet gestures at you. The bolt of fire hits you! You resist.
You hit the efreet but do no damage.
The efreet is almost dead.
Your +8 rapier of Georchi {spect, rPois rF+ Str+3 Dex+3} hits the efreet.
You kill the efreet!
The Council accepts your kill.
You start resting.
HP restored.
A boulder beetle comes into view.
You see here the +1 pair of boots of the Devil's Advocate {+Inv Will++ Str+4}.
You can't carry that many items.
You have identified the last wand.
Found a wand of polymorph (4).
You lunge at the boulder beetle.
You catch the helpless boulder beetle completely off-guard!
You impale the boulder beetle!!
The boulder beetle is moderately wounded.
Your +8 rapier of Georchi {spect, rPois rF+ Str+3 Dex+3} hits the boulder beetle but does no damage.
The boulder beetle closely misses you.
You hit the boulder beetle but do no damage.
The boulder beetle is moderately wounded.
Your +8 rapier of Georchi {spect, rPois rF+ Str+3 Dex+3} hits the boulder beetle.
The boulder beetle bites you!
You hit the boulder beetle.
The boulder beetle is moderately wounded.
Your +8 rapier of Georchi {spect, rPois rF+ Str+3 Dex+3} hits the boulder beetle.
The boulder beetle barely misses you.
You hit the boulder beetle but do no damage.
The boulder beetle is moderately wounded.
Your +8 rapier of Georchi {spect, rPois rF+ Str+3 Dex+3} hits the boulder beetle!
You block the boulder beetle's attack.
You hit the boulder beetle but do no damage.
The boulder beetle is heavily wounded.
Your +8 rapier of Georchi {spect, rPois rF+ Str+3 Dex+3} hits the boulder beetle but does no damage.
The boulder beetle closely misses you.
You puncture the boulder beetle!
You bite the boulder beetle, but do no damage.
The boulder beetle is heavily wounded.
Your +8 rapier of Georchi {spect, rPois rF+ Str+3 Dex+3} hits the boulder beetle!
You catch the helpless boulder beetle completely off-guard!
You impale the boulder beetle!!
You kill the boulder beetle!
The Council accepts your kill.
You start removing your armour.
You continue taking off your +0 pair of boots. x4
You finish taking off your +0 pair of boots.
You drop a +0 pair of boots.
V - the +1 pair of boots of the Devil's Advocate {+Inv Will++ Str+4} You start putting on your armour.
You continue putting on the +1 pair of boots of the Devil's Advocate {+Inv Will++ Str+4}. x4
You finish putting on the +1 pair of boots of the Devil's Advocate {+Inv Will++ Str+4}.
You feel stronger.
You see here a +2 scimitar of flaming.
You drop the amulet of Uraeqeubist {RegenMP Drain rN+ rCorr Dex+2}.
You see here a +2 scimitar of flaming.
S - a +2 scimitar of flaming You see here a +0 pair of boots.
Your pack is full.
You see here a wand of polymorph (4).
Your pack is full.
You see here a wand of polymorph (4).
Could not pick up a wand of polymorph (4) here; ([A]lways) ignore it? [Y]es, [N]o, or [A]lways only, please.
Could not pick up a wand of polymorph (4) here; ([A]lways) ignore it?
Okay, then.
Okay, then.
Okay, then.
Unknown command.
Your pack is full.
You see here a wand of polymorph (4).
Could not pick up a wand of polymorph (4) here; ([A]lways) ignore it? [Y]es, [N]o, or [A]lways only, please.
Could not pick up a wand of polymorph (4) here; ([A]lways) ignore it?
You see here a wand of polymorph (4).
An electric eel comes into view.
An electric eel is nearby!
An electric eel is nearby!
An electric eel is nearby!
A deep elf pyromancer comes into view. It is wielding a +0 short sword.
A nearby plant withers and dies.
You puncture the electric eel!
You bite the electric eel, but do no damage.
The electric eel is almost dead.
Your +8 rapier of Georchi {spect, rPois rF+ Str+3 Dex+3} hits the electric eel!
You kill the electric eel!
The Council accepts your kill.
You hear a splash.
A deep elf pyromancer is nearby!
A deep elf pyromancer is nearby!
You enter the shallow water.
Moving in this stuff is going to be slow.
You enter the shallow water.
Moving in this stuff is going to be slow.
You lunge at the deep elf pyromancer, in a flurry of attacks.
The deep elf pyromancer shouts!
You puncture the deep elf pyromancer!
The deep elf pyromancer is moderately wounded.
You barely miss the deep elf pyromancer.
You bite the deep elf pyromancer.
The deep elf pyromancer is moderately wounded.
Your +8 rapier of Georchi {spect, rPois rF+ Str+3 Dex+3} hits the deep elf pyromancer!
The deep elf pyromancer hits your +8 rapier of Georchi {spect, rPois rF+ Str+3 Dex+3} but does no damage.
Your unstable footing causes you to fumble your attack.
You block the deep elf pyromancer's attack.
You puncture the deep elf pyromancer!
The deep elf pyromancer is almost dead.
Your +8 rapier of Georchi {spect, rPois rF+ Str+3 Dex+3} hits the deep elf pyromancer!
You kill the deep elf pyromancer!
The Council accepts your kill.
You hear a splash. x3
N - 2 brown potions (gained 1)
You now have 802 gold pieces (gained 11).
Things that are here:
a +0 short sword; an elf corpse You enter the shallow water.
Moving in this stuff is going to be slow.
A centaur comes into view.
Found a stone staircase leading up.
A centaur is nearby!
A centaur is nearby!
A centaur warrior comes into view.
Found 17 gold pieces.
Found a leather armour.
The helpless centaur fails to defend itself.
You skewer the centaur like a kebab!!!!
You kill the centaur!
The Council accepts your kill.
A centaur warrior comes into view.
The centaur warrior shouts! x2; You hear a shout!
The centaur warrior wields a +0 longbow.
The centaur warrior shoots an arrow.
The arrow hits you.
The centaur warrior wields a +0 shortbow.
The centaur warrior shoots an arrow.
The arrow closely misses you.
The centaur warrior shoots an arrow.
The arrow hits you!
The centaur warrior shoots an arrow.
The arrow hits you!
You hear a shout!
There is a stone staircase leading up, spattered with blood here.
You hit the centaur warrior.
The centaur warrior is lightly wounded.
Your +8 rapier of Georchi {spect, rPois rF+ Str+3 Dex+3} barely misses the centaur warrior.
The centaur warrior unwields a +0 longbow.
The centaur warrior hits your +8 rapier of Georchi {spect, rPois rF+ Str+3 Dex+3}.
The centaur warrior kicks your +8 rapier of Georchi {spect, rPois rF+ Str+3 Dex+3} but does no damage.
You puncture the centaur warrior!
The centaur warrior is lightly wounded.
Your +8 rapier of Georchi {spect, rPois rF+ Str+3 Dex+3} hits the centaur warrior!
A centaur comes into view.
The centaur warrior hits you.
The centaur warrior kicks you but does no damage.
You hit the centaur warrior. Your bite misses the centaur warrior.
The centaur warrior is heavily wounded.
Your +8 rapier of Georchi {spect, rPois rF+ Str+3 Dex+3} hits the centaur warrior!
A centaur comes into view.
The centaur warrior closely misses your +8 rapier of Georchi {spect, rPois rF+ Str+3 Dex+3}.
The centaur warrior kicks your +8 rapier of Georchi {spect, rPois rF+ Str+3 Dex+3} but does no damage.
You puncture the centaur warrior!
The centaur warrior is almost dead.
Your +8 rapier of Georchi {spect, rPois rF+ Str+3 Dex+3} hits the centaur warrior!
You kill the centaur warrior!
The Council accepts your kill.
The centaur wields a +0 shortbow.
The centaur shoots an arrow.
The arrow hits your +8 rapier of Georchi {spect, rPois rF+ Str+3 Dex+3}.
Your spectral weapon shares its damage with you!
The centaur warrior shoots an arrow.
The arrow hits your +8 rapier of Georchi {spect, rPois rF+ Str+3 Dex+3}!
Your spectral weapon shares its damage with you!
The centaur shoots an arrow.
The arrow completely misses your +8 rapier of Georchi {spect, rPois rF+ Str+3 Dex+3}.
You block the arrow.
Your Dodging skill increases to level 9!
You swap places.
Found a stone staircase leading down.
You lunge at the centaur warrior, in a flurry of attacks.
You impale the centaur warrior!!
You bite the centaur warrior, but do no damage.
The centaur warrior is heavily wounded.
You puncture the centaur warrior!
The centaur warrior is severely wounded.
The centaur warrior unwields a +0 shortbow.
The centaur warrior barely misses you.
The centaur warrior kicks you but does no damage.
The centaur unwields a +0 shortbow.
You block the centaur's attack. The centaur misses you.
You block the centaur warrior's attack.
The centaur warrior kicks you but does no damage.
Things that are here:
a +0 longbow; a centaur corpse You hit the centaur warrior.
You bite the centaur warrior.
The centaur warrior is almost dead.
The centaur barely misses you. The centaur misses you.
You block the centaur warrior's attack. The centaur warrior kicks you.
You puncture the centaur warrior!
You kill the centaur warrior!
The Council accepts your kill. The centaur closely misses you.
The centaur misses you.
The centaur wields a +0 shortbow.
The centaur shoots an arrow.
You block the arrow. The centaur misses you. You block the centaur's attack.
You hit the centaur.
The centaur is moderately wounded.
Your +8 rapier of Georchi {spect, rPois rF+ Str+3 Dex+3} hits the centaur!
The centaur shoots an arrow.
The arrow barely misses your +8 rapier of Georchi {spect, rPois rF+ Str+3 Dex+3}.
You block the arrow.
The centaur hits you but does no damage.
The centaur barely misses you.
You puncture the centaur! You bite the centaur, but do no damage.
The centaur is almost dead.
Your +8 rapier of Georchi {spect, rPois rF+ Str+3 Dex+3} barely misses the centaur.
The centaur shoots an arrow.
The arrow barely misses your +8 rapier of Georchi {spect, rPois rF+ Str+3 Dex+3}.
The arrow hits you but does no damage. You block the centaur's attack.
The centaur kicks you but does no damage.
You puncture the centaur!
You kill the centaur!
The Council accepts your kill.
The centaur shoots an arrow.
You block the arrow.
The centaur shoots an arrow.
You block the arrow.
You lunge at the centaur.
You puncture the centaur! You bite the centaur.
The centaur is severely wounded.
Your +8 rapier of Georchi {spect, rPois rF+ Str+3 Dex+3} hits the centaur!
You kill the centaur!
The Council accepts your kill.
o - 3 puce potions (gained 1);
a - 4 scrolls of butterflies (gained 1)
You now have 815 gold pieces (gained 13).
Things that are here:
a +0 shortbow; a centaur corpse No target in view!
No target in view!
Things that are here:
a +0 longbow; a centaur corpse
There is a stone staircase leading up, spattered with blood here.
You now have 828 gold pieces (gained 13).
You now have 845 gold pieces (gained 17).
Found a stone staircase leading down.
Found a stone staircase leading down.
A skeletal warrior comes into view. It is wielding a +0 trident.
A skeletal warrior comes into view. It is wielding a +0 glaive.
A skeletal warrior comes into view. It is wielding a +0 battleaxe.
You lunge at the skeletal warrior.
You hit the skeletal warrior.
The skeletal warrior is lightly damaged.
The skeletal warrior hits you but does no damage.
The skeletal warrior hits you with a +0 trident!
You puncture the skeletal warrior!
The skeletal warrior is lightly damaged.
The skeletal warrior hits you with a +0 trident!!
You block the skeletal warrior's attack.
You hit the skeletal warrior.
You bite the skeletal warrior, but do no damage.
The skeletal warrior is moderately damaged.
The skeletal warrior hits you from afar with a +0 trident.
You lunge at the skeletal warrior.
You hit the skeletal warrior but do no damage.
The skeletal warrior is moderately damaged.
The skeletal warrior misses you.
You block the skeletal warrior's attack.
You lunge at the skeletal warrior.
You puncture the skeletal warrior!
The skeletal warrior is moderately damaged.
Your +8 rapier of Georchi {spect, rPois rF+ Str+3 Dex+3} hits the skeletal warrior!
You spin and attack the skeletal warrior.
You puncture the skeletal warrior!
You bite the skeletal warrior, but do no damage.
The skeletal warrior is heavily damaged.
Your +8 rapier of Georchi {spect, rPois rF+ Str+3 Dex+3} hits the skeletal warrior.
The skeletal warrior closely misses you.
The skeletal warrior attacks as you move away!
You block the skeletal warrior's attack. x2
The skeletal warrior hits you from afar with a +0 glaive.
You see here a wand of polymorph (4).
You lunge at the skeletal warrior.
You hit the skeletal warrior but do no damage.
You block the skeletal warrior's attack.
The skeletal warrior hits you but does no damage.
You see here a wand of polymorph (4).
You block the skeletal warrior's attack.
You lunge at the skeletal warrior.
You hit the skeletal warrior but do no damage.
The skeletal warrior hits you with a +0 glaive!
The skeletal warrior closely misses you.
You see here a wand of polymorph (4).
The skeletal warrior attacks as you move away!
You block the skeletal warrior's attack.
The skeletal warrior hits you from afar with a +0 glaive!!
You lunge at the skeletal warrior.
You hit the skeletal warrior.
You bite the skeletal warrior, but do no damage.
The skeletal warrior is lightly damaged.
The skeletal warrior hits you with a +0 glaive.
The skeletal warrior barely misses you.
You see here a wand of polymorph (4).
The skeletal warrior hits you from afar with a +0 glaive!!
You lunge at the skeletal warrior.
You hit the skeletal warrior but do no damage.
The skeletal warrior is lightly damaged.
The skeletal warrior barely misses you.
You block the skeletal warrior's attack.
You see here a wand of polymorph (4).
You block the skeletal warrior's attack.
You lunge at the skeletal warrior.
You puncture the skeletal warrior! Your bite misses the skeletal warrior.
The skeletal warrior is lightly damaged.
The skeletal warrior hits you with a +0 glaive!!
* * * LOW HITPOINT WARNING * * *
The skeletal warrior hits you from afar with a +0 trident!
* * * LOW HITPOINT WARNING * * *
You see here a wand of polymorph (4).
The skeletal warrior attacks as you move away!
The skeletal warrior hits you with a +0 glaive!!
* * * LOW HITPOINT WARNING * * *
The skeletal warrior hits you from afar with a +0 glaive!
You die...

#.....##..#...#......# #
................#.#.#
#####...........#.#.#.###########
.###.#........###.#.#............
..............# #.#.#############
.###.#........# #.#.# ##
#..........# #.#.#
.###.#........###.#.# ########
..~~~~~##....zz/@...# #.......
~♣~~~~~..###..###.#.# #.######
~~~~≈≈♣~.~~...###.#.# #.#
..~~~♣♣♣~~~†........# #.#
##.~.~~≈≈♣~~~~.###### #.#
#..~~~♣♣♣~~~~.###### ##.##
#..~.~~♣♣♣~~~......#####.(.##
#....~♣)≈≈~P~.####.##.#.....#
#.~~~~♣~~~~...# #.#........#


You could see 2 skeletal warriors.

Vanquished Creatures
  Harold (D:9)
  Fannar (D:11)
  A hydra (D:14)
  4 two-headed ogres
  2 vault guards (Bailey)
  3 centaur warriors (D:14)
  2 boulder beetles
  Urug (D:10)
  3 skeletal warriors (D:13)
  Pikel (D:8)
  A deep elf pyromancer (D:14)
  4 ugly things
  2 slime creatures (D:12)
  3 manticores
  A cyclops (D:12)
  5 gargoyles
  2 unseen horror zombies (D:9)
  Psyche (D:9)
  2 unseen horrors
  An efreet (D:14)
  A queen bee (shapeshifter) (D:13)
  A queen bee (D:9)
  3 trolls
  A hornet (D:6)
  A raiju (shapeshifter) (D:14)
  Prince Ribbit (Bailey)
  A centaur simulacrum (D:11)
  A shadow (D:8)
  2 wraiths (D:12)
  5 humans (Bailey)
  A wyvern (D:10)
  3 yaks (D:9)
  A basilisk (D:8)
  4 vampire mosquitoes (D:12)
  Grum (D:9)
  3 steam dragons
  2 acid dragons
  Duvessa (D:7)
  A water moccasin (D:7)
  3 orc warriors
  2 black bears (D:5)
  A sky beast (D:6)
  An ice beast (D:6)
  2 ogres
  3 wolves (D:9)
  12 centaurs
  A phantom (D:5)
  A kobold brigand (D:10)
  11 bullfrogs
  3 necrophages
  A scorpion (D:7)
  12 wights
  Dowan (D:7)
  20 killer bees
  4 howler monkeys
  2 electric eels
  A human zombie (D:9)
  4 jellies
  A hound (D:3)
  4 orc priests
  A gnoll bouda (D:9)
  Jessica (D:2)
  5 iguanas
  8 orc wizards
  2 killer bee zombies (D:9)
  A mummy (D:9)
  4 howler monkey zombies (D:9)
  4 adders
  8 gnolls
  3 shadow imps
  A white imp (D:5)
  An ufetubus (D:6)
  2 worms (D:2)
  5 dart slugs
  28 orcs
  2 bats (D:2)
  5 endoplasms
  6 giant cockroaches
  5 hobgoblins
  6 jackals
  3 quokkas
  8 ball pythons
  10 frilled lizards
  11 goblins
  11 kobolds
  3 rats
309 creatures vanquished.

Vanquished Creatures (others)
  Eustachio (D:6)
  An electric eel (D:14)
  An orc (D:4)
  58 plants
61 creatures vanquished.

Grand Total: 370 creatures vanquished

Notes
Turn   | Place    | Note
-------+----------+-------------------------------------------
     0 | D:1      | sleeves the Gnoll Brigand began the quest for the Orb.
     0 | D:1      | Reached XP level 1. HP: 20/20 MP: 1/1
   166 | D:2      | Reached XP level 2. HP: 26/26 MP: 2/2
   433 | D:2      | Reached XP level 3. HP: 31/31 MP: 3/3
   757 | D:2      | Noticed Jessica
   778 | D:2      | HP: 15/31 [Jessica/+1 vampiric dagger (1)]
   779 | D:2      | Killed Jessica
   780 | D:2      | Reached skill level 1 in Long Blades
   780 | D:2      | Reached skill level 1 in Axes
   780 | D:2      | Reached skill level 1 in Maces & Flails
   780 | D:2      | Reached skill level 1 in Polearms
   780 | D:2      | Reached skill level 1 in Staves
   780 | D:2      | Reached skill level 1 in Ranged Weapons
   780 | D:2      | Reached skill level 1 in Armour
   780 | D:2      | Reached skill level 1 in Shields
   780 | D:2      | Reached skill level 1 in Unarmed Combat
   780 | D:2      | Reached skill level 1 in Spellcasting
   780 | D:2      | Reached skill level 1 in Invocations
   780 | D:2      | Reached skill level 1 in Evocations
   780 | D:2      | Reached XP level 4. HP: 19/38 MP: 5/5
  1471 | D:1      | Found a faded altar of an unknown god.
  2015 | D:3      | Reached skill level 1 in Conjurations
  2015 | D:3      | Reached skill level 1 in Hexes
  2015 | D:3      | Reached skill level 1 in Summonings
  2015 | D:3      | Reached skill level 1 in Necromancy
  2015 | D:3      | Reached skill level 1 in Translocations
  2015 | D:3      | Reached skill level 1 in Transmutations
  2015 | D:3      | Reached skill level 1 in Fire Magic
  2015 | D:3      | Reached skill level 1 in Ice Magic
  2015 | D:3      | Reached skill level 1 in Air Magic
  2015 | D:3      | Reached skill level 1 in Earth Magic
  2015 | D:3      | Reached skill level 1 in Poison Magic
  2283 | D:3      | Found a hazy altar of Hepliaklqana.
  2283 | D:3      | Found an iron altar of Okawaru.
  2283 | D:3      | Found a radiant altar of Vehumet.
  2283 | D:3      | Found a shadowy altar of Dithmenos.
  2290 | D:3      | Found an ornate altar of the Wu Jian Council.
  2290 | D:3      | Found a stormy altar of Qazlal.
  2301 | D:3      | Became a worshipper of the Wu Jian Council
  2414 | D:3      | Reached XP level 5. HP: 40/43 MP: 7/7
  2423 | D:3      | Reached skill level 3 in Dodging
  2677 | D:3      | HP: 21/43 [hound (3)]
  2790 | D:4      | Found a staircase to the Ecumenical Temple.
  2826 | D:4      | Reached skill level 8 in Stealth
  2826 | D:4      | Reached skill level 2 in Invocations
  2826 | D:4      | Reached XP level 6. HP: 48/50 MP: 8/8
  2873 | D:3      | Reached skill level 5 in Fighting
  2873 | D:3      | Reached skill level 5 in Short Blades
  2873 | D:3      | Reached skill level 2 in Long Blades
  2873 | D:3      | Reached skill level 2 in Axes
  2873 | D:3      | Reached skill level 2 in Maces & Flails
  2873 | D:3      | Reached skill level 2 in Polearms
  2873 | D:3      | Reached skill level 2 in Staves
  2873 | D:3      | Reached skill level 2 in Ranged Weapons
  2873 | D:3      | Reached skill level 5 in Throwing
  2873 | D:3      | Reached skill level 2 in Armour
  2873 | D:3      | Reached skill level 2 in Shields
  2873 | D:3      | Reached skill level 2 in Unarmed Combat
  2873 | D:3      | Reached skill level 2 in Spellcasting
  2873 | D:3      | Reached skill level 2 in Evocations
  2933 | D:4      | HP: 25/51 [orc/+0 mace (1)]
  3139 | D:4      | HP: 23/51 [orc/sling bullet (5)]
  3365 | D:4      | Reached XP level 7. HP: 55/56 MP: 10/10
  3442 | D:4      | Noticed Grinder
  3472 | D:5      | Entered Level 5 of the Dungeon
  3506 | D:5      | Found a shimmering altar of Xom.
  3513 | D:5      | Reached * piety under Wu Jian
  3555 | D:5      | Reached skill level 2 in Conjurations
  3555 | D:5      | Reached skill level 2 in Hexes
  3555 | D:5      | Reached skill level 2 in Summonings
  3555 | D:5      | Reached skill level 2 in Necromancy
  3555 | D:5      | Reached skill level 2 in Translocations
  3555 | D:5      | Reached skill level 2 in Transmutations
  3555 | D:5      | Reached skill level 2 in Fire Magic
  3555 | D:5      | Reached skill level 2 in Ice Magic
  3555 | D:5      | Reached skill level 2 in Air Magic
  3555 | D:5      | Reached skill level 2 in Earth Magic
  3555 | D:5      | Reached skill level 2 in Poison Magic
  3750 | D:5      | Reached skill level 3 in Invocations
  3803 | D:5      | Reached skill level 4 in Dodging
  3909 | D:5      | Reached skill level 3 in Long Blades
  3909 | D:5      | Reached skill level 3 in Axes
  3909 | D:5      | Reached skill level 3 in Maces & Flails
  3909 | D:5      | Reached skill level 3 in Polearms
  3909 | D:5      | Reached skill level 3 in Staves
  3909 | D:5      | Reached skill level 3 in Ranged Weapons
  3909 | D:5      | Reached skill level 3 in Armour
  3909 | D:5      | Reached skill level 3 in Shields
  3909 | D:5      | Reached skill level 3 in Unarmed Combat
  3909 | D:5      | Reached skill level 3 in Spellcasting
  3909 | D:5      | Reached skill level 3 in Evocations
  3909 | D:5      | Reached XP level 8. HP: 63/63 MP: 12/12
  4291 | D:6      | Noticed a hornet
  4301 | D:6      | Killed a hornet
  4426 | D:6      | Noticed Eustachio
  4478 | D:6      | Killed Eustachio
  4590 | D:6      | HP: 28/62 [wight/+1 dire flail (12)]
  4593 | D:6      | Reached skill level 4 in Invocations
  4594 | D:6      | Reached skill level 3 in Conjurations
  4594 | D:6      | Reached skill level 3 in Hexes
  4594 | D:6      | Reached skill level 3 in Summonings
  4594 | D:6      | Reached skill level 3 in Necromancy
  4594 | D:6      | Reached skill level 3 in Translocations
  4594 | D:6      | Reached skill level 3 in Transmutations
  4594 | D:6      | Reached skill level 3 in Fire Magic
  4594 | D:6      | Reached skill level 3 in Ice Magic
  4594 | D:6      | Reached skill level 3 in Air Magic
  4594 | D:6      | Reached skill level 3 in Earth Magic
  4594 | D:6      | Reached skill level 3 in Poison Magic
  4766 | D:6      | Reached skill level 6 in Fighting
  4766 | D:6      | Reached skill level 6 in Short Blades
  4766 | D:6      | Reached skill level 6 in Throwing
  5029 | D:6      | Identified the +8 rapier of Georchi {spect, rPois rF+ Str+3
                  | Dex+3}
  5174 | D:6      | Reached XP level 9. HP: 69/69 MP: 14/14
  5202 | D:6      | Reached skill level 4 in Long Blades
  5202 | D:6      | Reached skill level 4 in Axes
  5202 | D:6      | Reached skill level 4 in Maces & Flails
  5202 | D:6      | Reached skill level 4 in Polearms
  5202 | D:6      | Reached skill level 4 in Staves
  5202 | D:6      | Reached skill level 4 in Ranged Weapons
  5202 | D:6      | Reached skill level 4 in Armour
  5202 | D:6      | Reached skill level 4 in Shields
  5202 | D:6      | Reached skill level 4 in Unarmed Combat
  5202 | D:6      | Reached skill level 4 in Spellcasting
  5202 | D:6      | Reached skill level 4 in Evocations
  5376 | D:7      | Found a flagged portal.
  5380 | D:7      | Reached ** piety under Wu Jian
  5402 | Bailey   | Entered a bailey
  5420 | Bailey   | Reached skill level 5 in Dodging
  5429 | Bailey   | Reached skill level 9 in Stealth
  5621 | Bailey   | Reached skill level 5 in Invocations
  5747 | Bailey   | Noticed Prince Ribbit
  5747 | Bailey   | Noticed a vault guard
  5779 | Bailey   | Reached skill level 4 in Conjurations
  5779 | Bailey   | Reached skill level 4 in Hexes
  5779 | Bailey   | Reached skill level 4 in Summonings
  5779 | Bailey   | Reached skill level 4 in Necromancy
  5779 | Bailey   | Reached skill level 4 in Translocations
  5779 | Bailey   | Reached skill level 4 in Transmutations
  5779 | Bailey   | Reached skill level 4 in Fire Magic
  5779 | Bailey   | Reached skill level 4 in Ice Magic
  5779 | Bailey   | Reached skill level 4 in Air Magic
  5779 | Bailey   | Reached skill level 4 in Earth Magic
  5779 | Bailey   | Reached skill level 4 in Poison Magic
  5815 | Bailey   | Killed a vault guard
  5816 | Bailey   | Reached skill level 7 in Fighting
  5816 | Bailey   | Reached skill level 7 in Short Blades
  5816 | Bailey   | Reached skill level 5 in Long Blades
  5816 | Bailey   | Reached skill level 5 in Axes
  5816 | Bailey   | Reached skill level 5 in Maces & Flails
  5816 | Bailey   | Reached skill level 5 in Polearms
  5816 | Bailey   | Reached skill level 5 in Staves
  5816 | Bailey   | Reached skill level 5 in Ranged Weapons
  5816 | Bailey   | Reached skill level 7 in Throwing
  5816 | Bailey   | Reached skill level 5 in Armour
  5816 | Bailey   | Reached skill level 5 in Shields
  5816 | Bailey   | Reached skill level 5 in Unarmed Combat
  5816 | Bailey   | Reached skill level 5 in Spellcasting
  5816 | Bailey   | Reached skill level 5 in Evocations
  5816 | Bailey   | Reached XP level 10. HP: 71/79 MP: 17/17
  5817 | Bailey   | Killed Prince Ribbit
  5859 | Bailey   | Noticed a vault guard
  5883 | Bailey   | HP: 36/79 [vault guard/+0 broad axe (20)]
  5894 | Bailey   | Killed a vault guard
  5895 | Bailey   | Reached skill level 6 in Dodging
  6155 | D:7      | Reached skill level 6 in Invocations
  6291 | D:7      | Found a bloodstained altar of Trog.
  6294 | D:7      | Found a glowing silver altar of Zin.
  6428 | D:7      | Noticed Duvessa
  6430 | D:7      | Killed Duvessa
  6430 | D:7      | Noticed Dowan
  6434 | D:7      | Killed Dowan
  6803 | D:8      | Noticed a cyan ugly thing
  6995 | D:8      | Noticed Pikel
  7021 | D:8      | Killed Pikel
  7127 | D:8      | Killed a cyan ugly thing
  7128 | D:8      | Reached skill level 6 in Long Blades
  7128 | D:8      | Reached skill level 6 in Axes
  7128 | D:8      | Reached skill level 6 in Maces & Flails
  7128 | D:8      | Reached skill level 6 in Polearms
  7128 | D:8      | Reached skill level 6 in Staves
  7128 | D:8      | Reached skill level 6 in Ranged Weapons
  7128 | D:8      | Reached skill level 6 in Armour
  7128 | D:8      | Reached skill level 6 in Shields
  7128 | D:8      | Reached skill level 6 in Unarmed Combat
  7128 | D:8      | Reached skill level 6 in Spellcasting
  7128 | D:8      | Reached skill level 5 in Conjurations
  7128 | D:8      | Reached skill level 5 in Hexes
  7128 | D:8      | Reached skill level 5 in Summonings
  7128 | D:8      | Reached skill level 5 in Necromancy
  7128 | D:8      | Reached skill level 5 in Translocations
  7128 | D:8      | Reached skill level 5 in Transmutations
  7128 | D:8      | Reached skill level 5 in Fire Magic
  7128 | D:8      | Reached skill level 5 in Ice Magic
  7128 | D:8      | Reached skill level 5 in Air Magic
  7128 | D:8      | Reached skill level 5 in Earth Magic
  7128 | D:8      | Reached skill level 5 in Poison Magic
  7128 | D:8      | Reached skill level 6 in Evocations
  7128 | D:8      | Reached XP level 11. HP: 85/85 MP: 18/20
  7190 | D:8      | Noticed a two-headed ogre
  7199 | D:8      | Killed a two-headed ogre
  7200 | D:8      | Reached skill level 10 in Stealth
  7220 | D:8      | Noticed a manticore
  7255 | D:8      | Killed a manticore
  7257 | D:8      | HP: 21/86 [gargoyle/stone arrow (29)]
  7574 | D:8      | Identified the +6 war axe of Parsimonious Integrity
                  | {vorpal, rF+ Str-3 Int+4}
  7580 | D:8      | Identified the amulet of Uraeqeubist {RegenMP Drain rN+
                  | rCorr Dex+2}
  7679 | D:9      | Reached skill level 7 in Invocations
  7680 | D:9      | HP: 37/86 [yak (12)]
  7683 | D:9      | Reached *** piety under Wu Jian
  7937 | D:9      | Reached skill level 8 in Fighting
  7937 | D:9      | Reached skill level 8 in Short Blades
  7937 | D:9      | Reached skill level 8 in Throwing
  7937 | D:9      | Reached skill level 7 in Dodging
  8093 | D:9      | Noticed Psyche
  8348 | D:9      | Killed Psyche
  8350 | D:9      | Noticed Grum
  8372 | D:9      | Killed Grum
  8640 | D:9      | Noticed Harold
  8647 | D:9      | Killed Harold
  8743 | D:9      | Reached **** piety under Wu Jian
  8757 | D:9      | Found a basalt altar of Yredelemnul.
  8845 | D:9      | Learned a level 6 spell: Dispersal
  8858 | D:10     | Entered Level 10 of the Dungeon
  8884 | D:10     | Found a staircase to the Orcish Mines.
  8890 | D:10     | Noticed a two-headed ogre
  8900 | D:10     | Killed a two-headed ogre
  8901 | D:10     | Reached skill level 7 in Long Blades
  8901 | D:10     | Reached skill level 7 in Axes
  8901 | D:10     | Reached skill level 7 in Maces & Flails
  8901 | D:10     | Reached skill level 7 in Polearms
  8901 | D:10     | Reached skill level 7 in Staves
  8901 | D:10     | Reached skill level 7 in Ranged Weapons
  8901 | D:10     | Reached skill level 7 in Armour
  8901 | D:10     | Reached skill level 7 in Shields
  8901 | D:10     | Reached skill level 7 in Unarmed Combat
  8901 | D:10     | Reached skill level 7 in Spellcasting
  8901 | D:10     | Reached skill level 7 in Evocations
  8969 | D:10     | Found Emeoroz's Jewellery Shop.
  8969 | D:10     | Noticed Urug
  8979 | D:10     | HP: 42/87 [Urug/+2 broad axe of venom (20)]
  8980 | D:10     | Killed Urug
  8981 | D:10     | Reached XP level 12. HP: 45/94 MP: 22/22
  9236 | D:10     | Reached skill level 6 in Conjurations
  9236 | D:10     | Reached skill level 6 in Hexes
  9236 | D:10     | Reached skill level 6 in Summonings
  9236 | D:10     | Reached skill level 6 in Necromancy
  9236 | D:10     | Reached skill level 6 in Translocations
  9236 | D:10     | Reached skill level 6 in Transmutations
  9236 | D:10     | Reached skill level 6 in Fire Magic
  9236 | D:10     | Reached skill level 6 in Ice Magic
  9236 | D:10     | Reached skill level 6 in Air Magic
  9236 | D:10     | Reached skill level 6 in Earth Magic
  9236 | D:10     | Reached skill level 6 in Poison Magic
  9267 | D:10     | Found a broken altar of Ashenzari.
  9567 | D:10     | Reached skill level 8 in Invocations
  9695 | D:10     | Found a staircase to the Lair.
  9869 | D:11     | Identified the +10 mace "Jeplusta" {venom, rF+ Int+3}
 10236 | D:11     | Noticed Fannar
 10245 | D:11     | Killed Fannar
 10246 | D:11     | Reached skill level 8 in Dodging
 10449 | D:11     | HP: 43/94 [something (7)]
 10798 | D:11     | Reached skill level 9 in Fighting
 10798 | D:11     | Reached skill level 9 in Short Blades
 10798 | D:11     | Reached skill level 9 in Throwing
 10952 | D:11     | Noticed a two-headed ogre
 10955 | D:11     | Killed a two-headed ogre
 11118 | D:11     | Noticed a two-headed ogre
 11128 | D:11     | Killed a two-headed ogre
 11129 | D:11     | Reached skill level 11 in Stealth
 12070 | D:12     | Reached skill level 8 in Long Blades
 12070 | D:12     | Reached skill level 8 in Axes
 12070 | D:12     | Reached skill level 8 in Maces & Flails
 12070 | D:12     | Reached skill level 8 in Polearms
 12070 | D:12     | Reached skill level 8 in Staves
 12070 | D:12     | Reached skill level 8 in Ranged Weapons
 12070 | D:12     | Reached skill level 8 in Armour
 12070 | D:12     | Reached skill level 8 in Shields
 12070 | D:12     | Reached skill level 8 in Unarmed Combat
 12070 | D:12     | Reached skill level 8 in Spellcasting
 12070 | D:12     | Reached skill level 8 in Evocations
 12419 | D:13     | HP: 38/95 [cyan ugly thing (14)]
 12424 | D:13     | HP: 37/95 [cyan ugly thing (3)]
 12426 | D:13     | Reached ***** piety under Wu Jian
 12427 | D:13     | Reached XP level 13. HP: 40/101 MP: 25/25
 12724 | D:13     | Reached skill level 9 in Invocations
 12779 | D:13     | Found a sacrificial altar of Ru.
 12901 | D:13     | HP: 42/101 [shot self (18)]
 13442 | D:14     | Reached skill level 7 in Conjurations
 13442 | D:14     | Reached skill level 7 in Hexes
 13442 | D:14     | Reached skill level 7 in Summonings
 13442 | D:14     | Reached skill level 7 in Necromancy
 13442 | D:14     | Reached skill level 7 in Translocations
 13442 | D:14     | Reached skill level 7 in Transmutations
 13442 | D:14     | Reached skill level 7 in Fire Magic
 13442 | D:14     | Reached skill level 7 in Ice Magic
 13442 | D:14     | Reached skill level 7 in Air Magic
 13442 | D:14     | Reached skill level 7 in Earth Magic
 13442 | D:14     | Reached skill level 7 in Poison Magic
 13564 | D:14     | Identified the amulet "Axkyo" {rF+ rN+ Regen+ Int+2}
 13630 | D:14     | Identified the +1 pair of boots of the Devil's Advocate
                  | {+Inv Will++ Str+4}
 13768 | D:14     | Reached skill level 9 in Dodging
 13914 | D:14     | HP: 33/103 [skeletal warrior/+0 glaive (27)]
 13915 | D:14     | HP: 7/103 [skeletal warrior/+0 glaive (18)]
 13915 | D:14     | Slain by a skeletal warrior

Illustrated notes

Levels and vault maps discovered:
D:1:      dpeg_arrival_rhombi, layout_basic,
          shapermc_ecumenical_altar_mp_urbaneastern
D:2:      layout_basic, minmay_hedge_maze, reono_crystal_passage,
          kennysheep_generic_room_8, uniq_jessica
D:3:      layout_rooms, minmay_overflow_temple_hex
D:4:      layout_rooms, minmay_temple_entry_stoned_glass, minmay_bisected,
          uniq_grinder
D:5:      layout_basic, mainiacjoe_overflow_cross_hatched
D:6:      layout_basic, uniq_eustachio
D:7:      layout_loops_ring, grunt_temple_overflow_open, enter_bailey_4,
          uniq_duvessa
D:8:      minmay_the_grid_triangle_9x9_rhombus_thin
          [minmay_the_grid_triangle_9x9_cache,
          minmay_the_grid_triangle_9x9_prize_insulated,
          minmay_the_grid_triangle_9x9_negative_grid,
          minmay_the_grid_triangle_9x9_checkered], layout_rooms, uniq_pikel
D:9:      layout_cave_pools, lemuel_mausoleum_altar_yredelemnul, serial_park,
          serial_park_avenue1, serial_park_tiny_2, serial_park_tiny_2,
          nicolae_looking_at_the_future, uniq_harold, uniq_grum, uniq_psyche
D:10:     layout_long_grid, mainiacjoe_overflow_24_doors, lair_entry_dummy,
          orc_david_3, serial_shops, nicolae_shop_stone, dk_rats_in_the_wall,
          uniq_urug
D:11:     layout_layer_cave, grunt_ministairs_12, minivault_14, uniq_fannar
D:12:     layout_roguey
D:13:     layout_rooms, nrook_pool_corridor, nicolae_ru_path_of_blood
D:14:     layout_loops_ring, david_vaults_4, serial_bayou_lagoon_a

Skill      XL: |  1  2  3  4  5  6  7  8  9 10 11 12 13 |
---------------+----------------------------------------+-----
Long Blades    | 1 2 3 5 6 7 8 |  8.5
Axes           | 1 2 3 5 6 7 8 |  8.5
Maces & Flails | 1 2 3 5 6 7 8 |  8.5
Polearms       | 1 2 3 5 6 7 8 |  8.5
Staves         | 1 2 3 5 6 7 8 |  8.5
Ranged Weapons | 1 2 3 5 6 7 8 |  8.5
Armour         | 1 2 3 5 6 7 8 |  8.5
Shields        | 1 2 3 5 6 7 8 |  8.5
Unarmed Combat | 1 2 3 5 6 7 8 |  8.5
Spellcasting   | 1 2 3 5 6 7 8 |  8.5
Invocations    | 1 2 3 4 5 6 7 8 9 |  9.3
Evocations     | 1 2 3 5 6 7 8 |  8.5
Conjurations   | 1 2 3 4 5 6 7 |  7.1
Hexes          | 1 2 3 4 5 6 7 |  7.1
Summonings     | 1 2 3 4 5 6 7 |  7.1
Necromancy     | 1 2 3 4 5 6 7 |  7.1
Translocations | 1 2 3 4 5 6 7 |  7.1
Transmutations | 1 2 3 4 5 6 7 |  7.1
Fire Magic     | 1 2 3 4 5 6 7 |  7.1
Ice Magic      | 1 2 3 4 5 6 7 |  7.1
Air Magic      | 1 2 3 4 5 6 7 |  7.1
Earth Magic    | 1 2 3 4 5 6 7 |  7.1
Poison Magic   | 1 2 3 4 5 6 7 |  7.1
Dodging        | 3 4 5 6 7 8 9 |  9.0
Stealth        | 8 9 10 11 | 11.5
Fighting       | 5 6 7 8 9 |  9.8
Short Blades   | 5 6 7 8 9 |  9.8
Throwing       | 5 6 7 8 9 |  9.8

Action                   |  1- 3 |  4- 6 |  7- 9 | 10-12 | 13-15 || total
-------------------------+-------+-------+-------+-------+-------++-------
Melee: Dagger            |    44 |       |       |       |       ||    44
       Bite              |     2 |    16 |    21 |    51 |    18 ||   108
       Rapier            |    15 |   152 |   245 |   420 |    82 ||   914
Throw: Dart              |       |     7 |     4 |    10 |       ||    21
       Boomerang         |       |       |       |     5 |       ||     5
Invok: Lunge             |       |    10 |    17 |    55 |    17 ||    99
       Whirlwind         |       |       |       |    22 |     3 ||    25
Evoke: Wand              |       |       |     6 |    15 |       ||    21
       Tin of tremorston |       |       |       |     1 |     1 ||     2
  Use: Scroll            |       |       |       |    10 |     1 ||    11
 Stab: Sleeping          |     7 |    15 |     5 |    32 |     5 ||    64
       Distracted        |       |     1 |     2 |     6 |     4 ||    13
Armor: Robe              |    11 |    14 |       |       |       ||    25
       Leather armour    |       |    17 |       |       |       ||    17
       Scale mail        |       |     5 |    65 |     2 |       ||    72
       Steam dragon scal |       |       |       |     4 |       ||     4
       Acid dragon scale |       |       |       |   113 |    19 ||   132
       Skin              |       |       |       |    24 |       ||    24
Dodge: Dodged            |    29 |    70 |   124 |   186 |    32 ||   441
Block: Buckler           |       |    10 |    59 |    70 |       ||   139
       Kite shield       |       |       |       |    87 |    46 ||   133

Table legend: (Time is in decaauts)
 A = Elapsed time spent in this place.
 B = Non-inter-level travel time spent in this place.
 C = Inter-level travel time spent in this place.
 D = Time resting spent in this place.
 E = Time spent auto-exploring this place.
 F = Levels seen in this place.
 G = Mean time per level.
                   A        B        C        D        E       F      G
               +--------+--------+--------+--------+--------+-----+--------+
         Total |  13838 |  13311 |    527 |   1337 |   9238 |  15 |  922.5 |
       Dungeon |  13123 |  12596 |    527 |   1130 |   8965 |  14 |  937.4 |
        Bailey |    715 |    715 |      0 |    207 |    272 |   1 |  715.0 |
               +--------+--------+--------+--------+--------+-----+--------+

Top non-repeatable levels by time:
    D:11: 1749 daAuts
     D:9: 1179 daAuts
     D:6: 1118 daAuts
     D:3: 1052 daAuts
     D:1: 1042 daAuts
     D:8: 1000 daAuts
    D:10: 912 daAuts
     D:2: 898 daAuts
    D:13: 866 daAuts
    D:12: 851 daAuts
  Bailey: 715 daAuts
     D:5: 698 daAuts
    D:14: 653 daAuts
     D:7: 631 daAuts
     D:4: 467 daAuts
